 Dungeon Crawl Stone Soup version 0.17.2 (webtiles) character file.

152987 Goblin1989 the Bludgeoner (level 16, -6/131 HPs)
             Began as a Demonspawn Berserker on July 12, 2016.
             Was a High Priest of Trog.
             Mangled by an orc high priest
             ... wielding a +0 trident
              (8 damage)
             ... on level 4 of the Orcish Mines on July 13, 2016.
             The game lasted 02:40:53 (22106 turns).

Goblin1989 the Bludgeoner (Demonspawn Berserker)   Turns: 22106, Time: 02:40:53

Health: -6/131     AC: -4    Str: 24    XL:     16   Next: 74%
Magic:  21/21      EV: 11    Int: -2 (8) God:    Trog [*****.]
Gold:   608        SH:  0    Dex: 16    Spells: 0 memorised, 15 levels left

rFire  . . .     SeeInvis +     u - +6 great mace (protect)
rCold  + . .     Clarity  .     G - +2 plate armour {MR+}
rNeg   . . .     SustAt   .     (shield currently unavailable)
rPois  .         Gourm    .     (helmet unavailable)
rElec  +         Spirit   .     j - +1 cloak
rCorr  .         Warding  .     i - +0 pair of gloves
rMut   .         Stasis   .     t - +2 pair of boots
MR     +++..                    q - amulet of regeneration
Stlth  ..........               p - ring of protection from cold
                                e - +5 ring of slaying

@: lethally poisoned (-6 -> -6), weakened, corroded equipment, very slightly
contaminated, slowed, lost intelligence, drained, invisible, very slow,
extremely resistant to hostile enchantments, extremely unstealthy
A: horns 3, talons 1, icy blue scales 2, see invisible, agile 1, deformed body,
magic resistance 1, powered by death 3, electricity resistance, spiny 2, spit
poison 1, MP-powered wands
a: Spit Poison, Berserk, Trog's Hand, Brothers in Arms, Burn Spellbooks,
Renounce Religion
}: 1/15 runes: decaying


You were on level 4 of the Orcish Mines.
You worshipped Trog.
Trog was extremely pleased with you.
You were not hungry.

You visited 6 branches of the dungeon, and saw 30 of its levels.
You also visited: Ossuary and Wizlab.

You collected 2419 gold pieces.
You spent 1811 gold pieces at shops.

Inventory:

Hand Weapons
 u - a +6 great mace of protection (weapon)
 y - a +9 great mace
Missiles
 N - 2 throwing nets (quivered)
Armour
 i - a +0 pair of gloves (worn)
 j - a +1 cloak (worn)
 t - a +2 pair of boots (worn)
 G - a +2 plate armour of magic resistance (worn)
Rods
 w - a +2 rod of the swarm (12/12)
   (You found it in a wizard's laboratory)
Jewellery
 e - a +5 ring of slaying (left hand)
 p - a ring of protection from cold (right hand)
 q - an amulet of regeneration (around neck)
 I - an uncursed ring of protection from cold
 V - an uncursed ring of protection from fire
Wands
 a - a wand of digging (3)
 r - a wand of teleportation (9)
 B - a wand of teleportation (4)
 D - a wand of hasting (2)
 O - a wand of disintegration (8)
 S - a wand of teleportation (3)
 W - a wand of disintegration (13)
Scrolls
 d - 12 scrolls of remove curse
 g - 2 scrolls of fog
 k - 2 scrolls of immolation
 m - 5 scrolls of enchant armour
 C - a scroll of fear
 E - 3 scrolls of magic mapping
 H - 4 scrolls of identify
 L - 13 scrolls of teleportation {unknown}
 Q - 5 scrolls of recharging
 Y - a scroll of blinking
Potions
 f - 4 potions of heal wounds
 h - 5 potions of agility
 l - 3 potions of haste
 n - 2 potions of ambrosia
 o - 4 potions of flight
 x - 3 potions of invisibility
 A - a potion of might
 K - 14 potions of curing
 R - 5 potions of cancellation
 T - 2 potions of resistance
Books
 z - a book of Flames

   Spells                             Type                      Level
   a - Flame Tongue                   Conjuration/Fire             1
   b - Throw Flame                    Conjuration/Fire             2
   c - Conjure Flame                  Conjuration/Fire             3
   d - Inner Flame                    Hexes/Fire                   3
   e - Sticky Flame                   Conjuration/Fire             4
   f - Fireball                       Conjuration/Fire             5
   Trog disapproves of the use of such an item.
 F - a book of Alchemy

   Spells                             Type                      Level
   a - Sublimation of Blood           Necromancy                   2
   b - Ignite Poison                  Fire/Transmutation/Poison    3
   c - Alistair's Intoxication        Transmutation/Poison         4
   d - Condensation Shield            Ice                          4
   e - Petrify                        Transmutation/Earth          4
   f - Irradiate                      Conjuration/Transmutation    5
   Trog disapproves of the use of such an item.
 P - a book of the Dragon

   Spells                             Type                      Level
   a - Flame Tongue                   Conjuration/Fire             1
   b - Cause Fear                     Hexes                        4
   c - Bolt of Fire                   Conjuration/Fire             6
   d - Dragon Form                    Transmutation                7
   e - Dragon's Call                  Summoning                    9
   Trog disapproves of the use of such an item.
 U - a book of Battle

   Spells                             Type                      Level
   a - Infusion                       Charms                       1
   b - Shroud of Golubria             Charms/Translocation         2
   c - Song of Slaying                Charms                       2
   d - Spectral Weapon                Hexes/Charms                 3
   e - Regeneration                   Charms/Necromancy            3
   Trog disapproves of the use of such an item.
 Z - a book of Enchantments

   Spells                             Type                      Level
   a - Cause Fear                     Hexes                        4
   b - Silence                        Hexes/Air                    5
   c - Deflect Missiles               Charms/Air                   6
   d - Haste                          Charms                       6
   e - Discord                        Hexes                        8
   Trog disapproves of the use of such an item.
Miscellaneous
 X - a box of beasts {used: 4}
Comestibles
 b - a beef jerky
 c - 13 bread rations
 s - 6 meat rations
 v - 40 fruits


   Skills:
 + Level 13.2(11.8) Fighting
 * Level 17.6(16.1) Maces & Flails
 + Level 12.2(10.8) Armour
 - Level 10.1(8.8) Dodging
 - Level 7.9(6.7) Evocations


You had 15 spell levels left.
You didn't know any spells.

Dungeon Overview and Level Annotations

Branches:
Dungeon (12/15)            Temple (0/1) D:4            Lair (8/8) D:8
  Swamp (4/4) Lair:3       Spider (1/4) Lair:6        Slime (0/6) Lair:7
    Orc (4/4) D:10            Elf (1/3) Orc:3

Altars:
Dithmenos
Gozag
Okawaru
Trog
Yredelemnul
Zin
Beogh
Jiyva

Shops:
D:8 }   D:10 **   D:12 !(%   Orc:1 [=?*   Orc:2 *:(([   Orc:4 !?(%


Innate Abilities, Weirdness & Mutations

You have a pair of large horns on your head.
You are mostly covered in icy blue scales (AC +3, EV -1).
You regenerate a lot of health from kills.
You are mostly covered in sharp spines.
You have sharp toenails.
You have supernaturally acute eyesight.
You are agile. (Dex +2)
Armour fits poorly on your strangely shaped body.
You are resistant to hostile enchantments.
You are resistant to electric shocks.
You can spit weak poison.
You expend magic power (3 MP) to strengthen your wands.


Message History

You fade into invisibility!
You feel very sick. The orange demon barely misses you. x2
The orc high priest hits you from afar with a trident!
* * * LOW HITPOINT WARNING * * *
The orange demon is struck by your spines.
The orange demon stings you.
* * * LOW HITPOINT WARNING * * *
The orange demon barely misses you.
You are very lightly contaminated with residual magic.
You take 16 damage, and have 8/131 hp.
You hit the orange demon but do no damage.
You feel sick. The orange demon stings you!
* * * LOW HITPOINT WARNING * * *
You are more poisoned.
The orange demon poisons you!
You feel as though you will be weak longer.
The orange demon misses you.
The orc high priest hits you from afar with a trident!
You die...

................
................ ####
#.###.###.###### #∩.. #.#
#.# #.#.._.. #...
#.###.###.#..... #...
#.........#..... ...
#.###.###.###'##
...###o###.# #.# #.......
......o4@..# #.# #)[8...8
...###o##..###.###)![....
..o #........[[[[....
#... #..#######[###.##
#∩.. #..# #(# #.#
.######..#######[###.##
................[[.....
.......)...............
.###########........#..


You could see an orc high priest, an orange demon and 2 orcs.

Vanquished Creatures
  Rupert (Lair:4)
  5 tentacled starspawn (WizLab)
  Agnes (Elf:1)
  A cacodemon (WizLab)
  Donald (Swamp:1)
  Maud (Lair:6)
  A war gargoyle (WizLab)
  A very ugly thing (WizLab)
  5 stone giants (WizLab)
  Erolcha (D:9)
  A crystal guardian (WizLab)
  4 great orbs of eyes (WizLab)
  A ghost crab (Swamp:1)
  3 alligators
  12 hydras
  3 catoblepae (Lair:8)
  18 death yaks (Lair:8)
  5 orc high priests (Orc:4)
  Nergalle (Lair:4)
  2 wretched stars (WizLab)
  A spriggan druid (Swamp:4)
  An orange crystal statue (WizLab)
  5 giant orange brains (WizLab)
  An unseen horror (D:12)
  A shambling mangrove (Swamp:2)
  Pikel (D:9)
  An orc knight (Orc:2)
  4 hill giants
  6 slime creatures
  An orb spider (Lair:6)
  5 ugly things
  3 eyes of devastation (WizLab)
  2 gargoyles
  A torpor snail (Lair:8)
  4 black mambas
  7 komodo dragons
  12 spiny frogs
  2 trolls (D:12)
  A deep elf priest (Elf:1)
  7 fire drakes
  A polar bear (Lair:2)
  2 giant leeches (Swamp:1)
  4 bog bodies
  A trapdoor spider zombie (D:11)
  A boulder beetle (Lair:6)
  A two-headed ogre (D:10)
  24 blink frogs
  A spriggan (Swamp:2)
  34 yaks
  Sigmund (D:6)
  A vampire (D:12)
  2 shadows
  2 wyverns
  5 hungry ghosts
  3 basilisks
  15 starcursed masses (WizLab)
  Eustachio (D:6)
  7 hippogriffs
  2 deep elf magi
  A neqoxec (WizLab)
  2 golden eyes (WizLab)
  11 insubstantial wisps (Swamp:1)
  A steam dragon (Lair:8)
  Edmund (D:6)
  11 wolves
  7 wargs
  4 vampire mosquitoes
  6 swamp worms
  Duvessa (D:6)
  12 orc warriors
  2 ice beasts
  A necrophage (D:7)
  11 swamp drakes
  4 spiders (Spider:1)
  11 porcupines
  2 phantoms (D:10)
  6 ogres
  19 water moccasins
  3 black bears
  8 wasps
  4 sky beasts
  6 centaurs
  10 crocodiles
  2 big kobolds
  Dowan (D:6)
  17 giant frogs
  3 scorpions
  16 killer bees (D:10)
  5 wights
  7 crimson imps
  4 centaur zombies
  An electric eel (Lair:4)
  2 jellies (D:10)
  42 orc priests
  2 centaur skeletons (D:11)
  Crazy Yiuf (D:2)
  3 giant frog skeletons
  Ijyb (D:2)
  A giant frog zombie (D:9)
  5 hounds
  17 orc wizards
  2 quasits
  2 iguanas
  A gnoll shaman (D:9)
  6 worker ants
  43 sheep
  9 ogre zombies
  7 mummies
  2 worker ant zombies
  13 adders
  15 gnolls
  6 shadow imps
  67 river rats
  An ooze (D:5)
  An adder skeleton (D:8)
  2 worms (D:3)
  178 orcs
  6 giant cockroaches
  7 goblins
  11 hobgoblins
  20 jackals
  2 quokkas
  3 ball pythons
  7 bats
  3 giant geckos
  6 giant newts
  2 goblin skeletons (D:10)
  3 goblin zombies
  A hobgoblin skeleton (D:10)
  3 hobgoblin zombies
  9 kobolds
  2 kobold zombies (Ossuary)
  2 orc skeletons (D:10)
  10 orc zombies (D:10)
  10 rats
  A plant (Lair:3)
  5 starspawn tentacles (WizLab)
984 creatures vanquished.

Vanquished Creatures (collateral kills)
  2 tentacled starspawn (WizLab)
  Aizul (Swamp:4)
  A stone giant (WizLab)
  2 hydras (Swamp:4)
  An orc high priest (Orc:4)
  5 swamp dragons (Swamp:4)
  A shambling mangrove (Swamp:4)
  A spiny frog (Swamp:4)
  An eye of devastation (WizLab)
  A giant leech (Swamp:4)
  2 bog bodies (Swamp:4)
  A neqoxec (WizLab)
  A warg (Orc:4)
  2 vampire mosquitoes (Swamp:4)
  2 wasps (Swamp:4)
  2 swamp drakes (Swamp:4)
  6 starcursed masses (WizLab)
  An orc priest (Orc:4)
  2 orcs (Orc:4)
  A starspawn tentacle (WizLab)
36 creatures vanquished.

Vanquished Creatures (others)
  4 slaves (D:9)
  An orc (D:9)
  5 fungi (Lair:8)
  9 plants
  7 starspawn tentacles (WizLab)
  126 starspawn tentacle segments (WizLab)
152 creatures vanquished.

Grand Total: 1172 creatures vanquished

Notes
Turn   | Place    | Note
--------------------------------------------------------------
     0 | D:1      | Goblin1989 the Demonspawn Berserker began the quest for the Orb.
     0 | D:1      | Reached XP level 1. HP: 18/18 MP: 1/1
   150 | D:2      | Noticed Ijyb
   158 | D:2      | Killed Ijyb
   158 | D:2      | Gained mutation: You are partially covered in sharp spines. [demonic ancestry]
   158 | D:2      | Reached XP level 2. HP: 24/24 MP: 2/2
   158 | D:2      | Gained mutation: You have a pair of small horns on your head. [demonic ancestry]
   158 | D:2      | Reached XP level 3. HP: 29/29 MP: 3/3
   196 | D:2      | Found an iron altar of Okawaru.
   201 | D:2      | Reached skill level 4 in Maces & Flails
   528 | D:3      | Gained mutation: You regenerate a little health from kills. [demonic ancestry]
   528 | D:3      | Reached XP level 4. HP: 35/35 MP: 4/4
   547 | D:3      | Reached ** piety under Trog
   552 | D:3      | Reached skill level 5 in Maces & Flails
   574 | D:3      | Found a glowing silver altar of Zin.
   639 | D:3      | Reached XP level 5. HP: 33/41 MP: 5/5
   870 | D:3      | Reached skill level 6 in Maces & Flails
   874 | D:3      | Gained mutation: You have a pair of horns on your head. [demonic ancestry]
   874 | D:3      | Reached XP level 6. HP: 47/47 MP: 6/6
  1006 | D:3      | Reached *** piety under Trog
  1110 | D:4      | Noticed an ogre
  1117 | D:4      | Killed an ogre
  1117 | D:4      | Reached skill level 7 in Maces & Flails
  1171 | D:4      | Noticed a black bear
  1179 | D:4      | Killed a black bear
  1179 | D:4      | Reached XP level 7. HP: 38/52 MP: 7/7
  1396 | D:5      | Entered Level 5 of the Dungeon
  1439 | D:4      | Reached skill level 8 in Maces & Flails
  1706 | D:5      | Got a shimmering ring mail
  1735 | D:5      | Identified the +2 ring mail of Creativity {rPois} (You found it on level 5 of the Dungeon)
  1805 | D:6      | Noticed Edmund
  1817 | D:6      | Killed Edmund
  1822 | D:6      | Gained mutation: You are partially covered in icy blue scales (AC +1). [demonic ancestry]
  1822 | D:6      | Reached XP level 8. HP: 59/59 MP: 8/8
  1846 | D:6      | Found a sand-covered staircase.
  1879 | D:6      | Noticed Eustachio
  1889 | D:6      | Noticed Sigmund
  1899 | D:6      | Killed Eustachio
  1904 | D:6      | Killed Sigmund
  2003 | Ossuary  | Entered an ossuary
  2010 | Ossuary  | Reached skill level 9 in Maces & Flails
  2239 | D:6      | Found a shadowy altar of Dithmenos.
  2243 | D:6      | Reached **** piety under Trog
  2268 | D:6      | Found an opulent altar of Gozag.
  2287 | D:6      | Noticed Dowan
  2288 | D:6      | Noticed Duvessa
  2295 | D:6      | Killed Duvessa
  2295 | D:6      | Killed Dowan
  2367 | D:8      | Found Mehodghyw's Gadget Shoppe.
  2369 | D:8      | Reached skill level 5 in Fighting
  2369 | D:8      | Gained mutation: You regenerate health from kills. [demonic ancestry]
  2369 | D:8      | Reached XP level 9. HP: 66/68 MP: 9/9
  2395 | D:8      | Reached skill level 10 in Maces & Flails
  2407 | D:8      | Found a staircase to the Lair.
  2462 | Lair:1   | Entered Level 1 of the Lair of Beasts
  2538 | Lair:1   | Reached skill level 5 in Armour
  2696 | Lair:1   | Noticed a black mamba
  2704 | Lair:1   | Killed a black mamba
  2769 | Lair:2   | Found a shadowy altar of Dithmenos.
  2835 | Lair:3   | Noticed a komodo dragon
  2845 | Lair:3   | Killed a komodo dragon
  2845 | Lair:3   | Reached skill level 11 in Maces & Flails
  2845 | Lair:3   | Gained mutation: You are mostly covered in sharp spines. [demonic ancestry]
  2845 | Lair:3   | Reached XP level 10. HP: 77/77 MP: 10/10
  2968 | Lair:3   | Reached ***** piety under Trog
  3164 | Lair:5   | Reached skill level 5 in Dodging
  3271 | Lair:6   | Got an iridescent whip
  3272 | Lair:6   | Identified the +8 whip of Odwudgh {drain, rC+ Str+7} (You found it on level 6 of the Lair of Beasts)
  3368 | Lair:6   | Got a twisted flail
  3369 | Lair:6   | Identified the +5 flail "Killer Bee's Curse" {speed, rN++ Int+4} (You found it on level 6 of the Lair of Beasts)
  3371 | Lair:6   | Noticed a black mamba
  3379 | Lair:6   | Killed a black mamba
  3379 | Lair:6   | Reached skill level 12 in Maces & Flails
  3384 | Lair:6   | Reached XP level 11. HP: 85/85 MP: 11/11
  3413 | Lair:7   | Found a viscous altar of Jiyva.
  3413 | Lair:7   | Found a staircase to the Slime Pits.
  3425 | Lair:8   | Entered Level 8 of the Lair of Beasts
  3435 | Lair:8   | Noticed an eight-headed hydra
  3456 | Lair:8   | Killed an eight-headed hydra
  3835 | Lair:4   | Noticed Nergalle
  3844 | Lair:4   | Killed Nergalle
  3888 | Lair:3   | Found a staircase to the Swamp.
  4020 | Lair:2   | Reached skill level 13 in Maces & Flails
  4083 | Lair:2   | Noticed a spiny frog
  4091 | Lair:2   | Killed a spiny frog
  4100 | Lair:2   | Noticed a spiny frog
  4101 | Lair:2   | Noticed a komodo dragon
  4105 | Lair:2   | Killed a spiny frog
  4112 | Lair:2   | Killed a komodo dragon
  4277 | Lair:3   | Reached XP level 12. HP: 94/94 MP: 12/12
  4321 | Lair:3   | Reached ****** piety under Trog
  4362 | Lair:4   | Noticed Rupert
  4375 | Lair:4   | Killed Rupert
  4453 | Lair:4   | Received a gift from Trog
  5000 | Lair:6   | Found a hole to the Spider Nest.
  5000 | Lair:6   | Noticed an orb spider
  5026 | Lair:6   | Killed an orb spider
  5048 | Lair:6   | Noticed Maud
  5065 | Lair:6   | Killed Maud
  5191 | Lair:8   | ololoev: ты того похоронил или отложил?
  5209 | Lair:8   | Goblin1989: отложил
  5209 | Lair:8   | Goblin1989: давай начинать им. этого тоже убивать как-то не хочется.
  5209 | Lair:8   | Goblin1989: неплохо заспидранил
  5266 | Lair:8   | Reached skill level 14 in Maces & Flails
  5831 | D:8      | Received a gift from Trog
  5849 | D:8      | Gained mutation: You are frail (-10% HP). [potion of mutation]
  5849 | D:8      | Gained mutation: You evolve. [potion of mutation]
  5849 | D:8      | Gained mutation: You are agile. (Dex +2) [potion of mutation]
  5850 | D:8      | Gained mutation: You are resistant to electric shocks. [potion of mutation]
  5850 | D:8      | Gained mutation: You can spit weak poison. [potion of mutation]
  5875 | D:9      | Noticed Pikel
  5892 | D:9      | Killed Pikel
  5961 | D:9      | Lost mutation: You are frail (-10% HP). [evolution]
  5961 | D:9      | Lost mutation: You evolve. [end of evolution]
  6136 | D:9      | Reached skill level 1 in Evocations
  6213 | D:9      | Noticed Erolcha
  6225 | D:9      | Killed Erolcha
  6225 | D:9      | Reached skill level 10 in Fighting
  6271 | D:9      | Gained mutation: You are mostly covered in icy blue scales (AC +3, EV -1). [demonic ancestry]
  6271 | D:9      | Reached XP level 13. HP: 103/103 MP: 4/14
  6543 | D:10     | Entered Level 10 of the Dungeon
  6561 | D:10     | Found Dirup's Demolitions Depot.
  6594 | D:10     | Found a staircase to the Orcish Mines.
  6646 | D:10     | Got a slimy arbalest
  6647 | D:10     | Identified the +0 arbalest of Generosity {venom, *Contam Dex+4} (You found it on level 10 of the Dungeon)
  6664 | Orc:1    | Entered Level 1 of the Orcish Mines
  6674 | Orc:1    | Gained mutation: Armour fits poorly on your strangely shaped body. [mutagenic glow]
  6683 | Orc:1    | Found Vuophutu's Assorted Antiques.
  6694 | Orc:1    | Bought a spiked scale mail for 216 gold pieces
  6694 | Orc:1    | Bought a purple potion for 21 gold pieces
  6704 | Orc:1    | Identified the +5 scale mail of Irphump {rPois rF- Regen+ MP+9} (You bought it in a shop on level 1 of the Orcish Mines)
  6719 | Orc:1    | Found Hyngiupp's Magic Scroll Boutique.
  6728 | Orc:1    | Bought a scroll of identify for 22 gold pieces
  6728 | Orc:1    | Bought a scroll of identify for 22 gold pieces
  6728 | Orc:1    | Bought a scroll of identify for 22 gold pieces
  6728 | Orc:1    | Bought a scroll of identify for 22 gold pieces
  6732 | Orc:1    | Gained mutation: You regenerate a lot of health from kills. [demonic ancestry]
  6732 | Orc:1    | Reached XP level 14. HP: 110/110 MP: 6/19
  6736 | Orc:1    | Found Deemig's Jewellery Boutique.
  6898 | Orc:2    | Found Buoprose's Assorted Antiques.
  6905 | Orc:2    | Bought a scroll labeled ISOCWATUE for 24 gold pieces
  6905 | Orc:2    | Bought a glass wand for 96 gold pieces
  6905 | Orc:2    | Bought an iron wand for 96 gold pieces
  6905 | Orc:2    | Bought a scroll labeled ISOCWATUE for 24 gold pieces
  7078 | Orc:2    | Found Zoqeumim's Weapon Shop.
  7084 | Orc:2    | Received a gift from Trog
  7096 | Orc:2    | Bought a +0 great mace for 78 gold pieces
  7097 | Orc:2    | Found Sacaubon's Armour Boutique.
  7115 | Orc:2    | Found Waadwam's Antique Weapon Emporium.
  7118 | Orc:2    | Bought a warped whip for 210 gold pieces
  7120 | Orc:2    | Identified the +9 whip of Experimentation {drain, rC+ Str+2} (You bought it in a shop on level 2 of the Orcish Mines)
  7233 | Orc:3    | Found a staircase to the Elven Halls.
  7594 | Orc:4    | Entered Level 4 of the Orcish Mines
  7722 | Orc:4    | Received a gift from Trog
  7744 | Orc:4    | Found a roughly hewn altar of Beogh.
  7753 | Orc:4    | Found Gydusyxi's Weapon Boutique.
  7775 | Orc:4    | Found Irocomon's Food Emporium.
  7871 | Orc:1    | Found Eppotu's Armour Shop.
  8115 | Swamp:1  | Entered Level 1 of the Swamp
  8247 | Swamp:2  | Reached skill level 10 in Dodging
  8419 | Swamp:4  | Entered Level 4 of the Swamp
  8501 | Swamp:4  | Noticed Aizul
  8511 | Swamp:4  | Killed Aizul
  8529 | Swamp:4  | Received a gift from Trog
  8733 | Swamp:4  | Got a decaying rune of Zot
  9012 | Spider:1 | Entered Level 1 of the Spider Nest
 10029 | D:2      | Found a basalt altar of Yredelemnul.
 10165 | D:2      | Noticed Crazy Yiuf
 10168 | D:2      | Killed Crazy Yiuf
 10362 | D:4      | Found a staircase to the Ecumenical Temple.
 11701 | D:7      | Received a gift from Trog
 11771 | D:7      | Gained mutation: You have a pair of large horns on your head. [demonic ancestry]
 11771 | D:7      | Reached XP level 15. HP: 83/119 MP: 20/20
 11874 | D:7      | Reached skill level 15 in Maces & Flails
 12508 | D:9      | Found a bloodstained altar of Trog.
 12650 | D:10     | Found a basalt altar of Yredelemnul.
 12867 | D:10     | Reached skill level 10 in Armour
 13281 | D:10     | Found Nogrun's Assorted Antiques.
 13285 | D:10     | Bought a glowing plate armour for 621 gold pieces
 13285 | D:10     | Bought a scroll of remove curse for 81 gold pieces
 13285 | D:10     | Bought a scroll of recharging for 256 gold pieces
 14291 | D:12     | Found Efuarghi's Food Shop.
 14296 | D:12     | Found Waer's Weapon Shop.
 14299 | D:12     | Found Qasen's Distillery.
 14365 | D:12     | Received a gift from Trog
 14407 | D:12     | Gained mutation: You have sharp toenails. [potion of beneficial mutation]
 14408 | D:12     | Gained mutation: You have supernaturally acute eyesight. [potion of beneficial mutation]
 16837 | Lair:5   | You fall through a shaft for 3 floors!
 16870 | Lair:8   | Noticed a death yak
 16873 | Lair:8   | Noticed a death yak
 16874 | Lair:8   | Noticed a death yak
 16876 | Lair:8   | Killed a death yak
 16884 | Lair:8   | Killed a death yak
 16888 | Lair:8   | Killed a death yak
 17237 | Lair:8   | Noticed a catoblepas
 17258 | Lair:8   | Killed a catoblepas
 17271 | Lair:8   | Noticed a death yak
 17271 | Lair:8   | Noticed a death yak
 17271 | Lair:8   | Noticed a death yak
 17271 | Lair:8   | Noticed a death yak
 17272 | Lair:8   | Noticed a death yak
 17282 | Lair:8   | Noticed a death yak
 17283 | Lair:8   | Killed a death yak
 17292 | Lair:8   | Noticed a death yak
 17295 | Lair:8   | Killed a death yak
 17301 | Lair:8   | Killed a death yak
 17305 | Lair:8   | Killed a death yak
 17307 | Lair:8   | Killed a death yak
 17308 | Lair:8   | Killed a death yak
 17312 | Lair:8   | Killed a death yak
 17317 | Lair:8   | Noticed a death yak
 17317 | Lair:8   | Noticed a death yak
 17323 | Lair:8   | Noticed a catoblepas
 17327 | Lair:8   | Killed a death yak
 17358 | Lair:8   | Killed a catoblepas
 17358 | Lair:8   | Reached skill level 16 in Maces & Flails
 17405 | Lair:8   | Noticed a death yak
 17405 | Lair:8   | Noticed a death yak
 17407 | Lair:8   | Noticed a death yak
 17413 | Lair:8   | Killed a death yak
 17442 | Lair:8   | Killed a death yak
 17446 | Lair:8   | Killed a death yak
 17490 | Lair:8   | Noticed a death yak
 17490 | Lair:8   | Noticed a death yak
 17490 | Lair:8   | Noticed a death yak
 17502 | Lair:8   | Killed a death yak
 17508 | Lair:8   | Killed a death yak
 17509 | Lair:8   | Killed a death yak
 17521 | Lair:8   | Noticed a catoblepas
 17539 | Lair:8   | Killed a catoblepas
 17580 | Lair:8   | Got a pair of fine gloves
 17591 | Lair:8   | Identified the +0 pair of gloves of Egeokosa {Regen+ MP+9 Dex-5 SInv} (You found it on level 8 of the Lair of Beasts)
 17917 | Lair:8   | Killed a death yak
 17917 | Lair:8   | Received a gift from Trog
 19292 | Swamp:1  | Noticed Donald
 19305 | Swamp:1  | Killed Donald
 19310 | Swamp:1  | Identified 2 scrolls of acquirement
 19641 | Orc:2    | Found Losuf's Book Emporium.
 20562 | Elf:1    | Entered Level 1 of the Elven Halls
 20586 | Elf:1    | Reached XP level 16. HP: 128/128 MP: 21/21
 20603 | Elf:1    | Noticed Agnes
 20613 | Elf:1    | Killed Agnes
 20627 | Elf:1    | Found a magical portal.
 20643 | WizLab   | Entered Lehudib's Moon Base
 20824 | WizLab   | Noticed a tentacled starspawn
 20832 | WizLab   | Killed a tentacled starspawn
 20835 | WizLab   | Noticed a tentacled starspawn
 20839 | WizLab   | Killed a tentacled starspawn
 20843 | WizLab   | Noticed a tentacled starspawn
 20849 | WizLab   | Killed a tentacled starspawn
 20851 | WizLab   | Gained mutation: You expend magic power (3 MP) to strengthen your wands. [a neqoxec]
 20890 | WizLab   | Noticed a tentacled starspawn
 20894 | WizLab   | Killed a tentacled starspawn
 20958 | WizLab   | Noticed a tentacled starspawn
 20964 | WizLab   | Noticed a tentacled starspawn
 20967 | WizLab   | Killed a tentacled starspawn
 20967 | WizLab   | Reached skill level 17 in Maces & Flails
 20977 | WizLab   | Killed a tentacled starspawn
 21351 | WizLab   | Lost intelligence.
 21434 | WizLab   | Gained mutation: You are resistant to hostile enchantments. [potion of beneficial mutation]
 21454 | WizLab   | Received a gift from Trog
 21457 | WizLab   | Got a bloodstained greatsling {god gift}
 21458 | WizLab   | Identified the +2 greatsling "Jyuvem" {speed, rElec Str+6} (Trog gifted it to you in a wizard's laboratory)
 21461 | WizLab   | Identified a +2 rod of the swarm (12/12) (You found it in a wizard's laboratory)
 21468 | WizLab   | Noticed a tentacled starspawn
 21471 | WizLab   | Killed a tentacled starspawn
 21558 | WizLab   | Lost intelligence.
 21565 | WizLab   | Paralysed by accursed screaming for 2 turns
 22087 | Orc:4    | Found Xummiytor's Magic Scroll Emporium.
 22087 | Orc:4    | Found Soraitz's Distillery.
 22106 | Orc:4    | HP: 2/131 [orange demon[an orc high priest] (9)]
 22106 | Orc:4    | Mangled by an orc high priest

Action                   |  1- 3 |  4- 6 |  7- 9 | 10-12 | 13-15 | 16-18 || total
-------------------------+-------+-------+-------+-------+-------+-------++-------
Melee: Whip              |    40 |    70 |    61 |     8 |       |       ||   179
       Flail             |       |       |   164 |   261 |       |       ||   425
       Dire flail        |       |       |       |   221 |   387 |       ||   608
       Great mace        |       |       |       |       |   570 |   227 ||   797
Invok: Berserk           |     1 |     2 |     5 |     7 |     3 |     1 ||    19
       Trog's Hand       |       |       |     3 |     3 |     4 |     4 ||    14
       Brothers in Arms  |       |       |       |     1 |     4 |     4 ||     9
 Abil: Spit Poison       |       |       |       |     1 |       |       ||     1
Evoke: Wand              |       |       |       |     2 |     8 |     4 ||    14
       Box of beasts     |       |       |       |       |       |     4 ||     4
  Use: Scroll            |       |       |    11 |     7 |    26 |     1 ||    45
       Potion            |       |       |       |     3 |     4 |     4 ||    11
 Stab: Invisible         |       |       |       |       |     6 |       ||     6
       Distracted        |       |       |       |       |       |     2 ||     2
  Eat: Chunk             |       |     3 |    11 |    19 |    23 |       ||    56
       Beef jerky        |       |       |       |     1 |     3 |       ||     4
       Pizza             |       |       |       |     1 |     8 |       ||     9
       Royal jelly       |       |       |       |       |     2 |       ||     2
       Meat ration       |       |       |       |       |     2 |     3 ||     5
       Fruit             |       |       |       |       |     2 |       ||     2
